 Dungeon Crawl Stone Soup version 0.30-a0-715-gdb4ae3ece1 (webtiles) character file.

Game seed: 13068515476338378359

954 wormed the Ducker (level 8, -2/58 HPs)
             Began as a Gnoll Wanderer on Jan 24, 2023.
             Succumbed to an orc wizard's poison
             ... on level 5 of the Dungeon.
             The game lasted 00:07:09 (5324 turns).

wormed the Ducker (Gnoll Wanderer)                  Turns: 5324, Time: 00:07:10

Health: -2/58      AC:  7    Str: 10    XL:     8   Next: 14%
Magic:  16/16      EV: 15    Int: 12    God:
Gold:   280        SH:  0    Dex: 15    Spells: 18/18 levels left

rFire   . . .      SeeInvis .    s - +0 dagger (elec)
rCold   . . .      Faith    .    (no shield)
rNeg    . . .      Spirit   .    d - +3 leather armour
rPois   .          Reflect  .    (no helmet)
rElec   .          Harm     .    (no cloak)
rCorr   .          Rampage  .    (no gloves)
Will    .....                    i - +0 pair of boots
Stlth   ++                       h - amulet of the acrobat
HPRegen 0.29/turn                (no ring)
MPRegen 0.15/turn                (no ring)

@: lethally poisoned (-2 -> -24)
A: fangs 1, strong nose, distributed training
a: no special abilities


You were on level 5 of the Dungeon.
You visited 1 branch of the dungeon, and saw 5 of its levels.

You collected 280 gold pieces.

Inventory:

Hand Weapons
 s - a +0 dagger of electrocution (weapon)
Armour
 d - a +3 leather armour (worn)
 i - a +0 pair of boots (worn)
Magical Staves
 j - a staff of air
Jewellery
 g - a ring of resist corrosion
 h - an amulet of the acrobat (around neck)
Wands
 n - a wand of roots (8)
Scrolls
 b - 3 scrolls of teleportation
 c - a scroll of blinking
 k - a scroll of enchant armour
 l - 3 scrolls of identify
Potions
 a - a potion of attraction {unknown}
 e - a potion of brilliance
 f - a potion of might {unknown}
 q - a potion of haste {unknown}


   Skills:
 + Level 3.1 Fighting
 + Level 3.1 Short Blades
 + Level 3.1 Long Blades
 + Level 3.1 Axes
 + Level 3.1 Maces & Flails
 + Level 3.1 Polearms
 + Level 3.1 Staves
 + Level 3.1 Ranged Weapons
 + Level 3.1 Throwing
 + Level 4.1 Armour
 + Level 7.3 Dodging
 + Level 3.1 Stealth
 + Level 3.1 Shields
 + Level 3.1 Unarmed Combat
 + Level 5.9 Spellcasting
 + Level 2.5 Conjurations
 + Level 2.5 Hexes
 + Level 2.5 Summonings
 + Level 2.5 Necromancy
 + Level 2.5 Translocations
 + Level 2.5 Transmutations
 + Level 2.5 Fire Magic
 + Level 2.5 Ice Magic
 + Level 4.6 Air Magic
 + Level 2.5 Earth Magic
 + Level 2.5 Poison Magic
 + Level 4.3 Invocations
 + Level 4.1 Evocations


You had 18 spell levels left.
You didn't know any spells.
Your spell library contained the following spells:

 Spells                   Type           Power      Damage    Failure   Level
 Shock                    Conj/Air       48%        1d6       5%          1
 Sublimation of Blood     Necr           9%         N/A       13%         2
 Wereblood                Tmut           9%         N/A       13%         2
 Vhi's Electric Charge    Tloc/Air       24%        N/A       16%         3
 Dazzling Flash           Conj/Hex       18%        N/A       26%         3
 Iskenderun's Mystic Bla  Conj/Tloc      9%         2d4       63%         4
 Starburst                Conj/Fire      4%         6d4       100%        6
 Summon Hydra             Summ           4%         N/A       100%        7


Dungeon Overview and Level Annotations

Branches:
Dungeon (5/15)
 Temple: D:4-7

Altars:
Sif Muna
Trog
Uskayaw
Xom

Shops:
D:3 [


Innate Abilities, Weirdness & Mutations

You have very sharp teeth.
Your uncanny sense of smell can sniff out nearby items.
Your experience applies equally to all skills.


Message History

You are confused.
You bump into the rock wall.
You bump into the rock wall.
You bump into the rock wall.
A magic dart appears from out of thin air!
The magic dart hits you.
You bump into the rock wall.
You feel less confused. Something hits you but does no damage.
You are poisoned.
You feel sick.
You feel sick.
You feel sick.
You feel sick.
You hit something but do no damage.
You feel sick. Something hits you.
You are more poisoned.
You hit something. Your punch misses something.
You feel sick. Something hits you.
* * * LOW HITPOINT WARNING * * *
You closely miss something.
You feel sick. Something hits you.
* * * LOW HITPOINT WARNING * * *
You barely miss something.
You feel sick.
An orc wizard appears from thin air!
Reactivating autopickup.
The orc wizard hits you but does no damage.
You are lethally poisoned!
You closely miss the orc wizard.
The orc wizard is moderately wounded.
* * * LOW HITPOINT WARNING * * *
You feel very sick.
You closely miss the orc wizard.
The orc wizard is moderately wounded.
* * * LOW HITPOINT WARNING * * *
You feel very sick.
The orc wizard hits you with a +0 dagger of venom.
* * * LOW HITPOINT WARNING * * *
You are more poisoned.
You hit the orc wizard but do no damage.
Your bite misses the orc wizard.
The orc wizard is moderately wounded.
You die...

.....###........
#.....###....
#######...##
#####
#..........#
#.########....#
#.# ###... #.#
#.. #o### #.
#@..# #. ###.#
..# # #.# ..#
#.## #..# #...##
#..# #>.####..#
#<.##...#
##......#
####...#


You could see an orc wizard.

Vanquished Creatures
  Sigmund (D:2)
  Menkaure (D:4)
  An ice beast (D:5)
  3 necrophages (D:4)
  2 scorpions
  2 jellies
  2 hounds
  An orc priest (D:4)
  4 adders
  2 worms (D:2)
  3 dart slugs
  10 orcs
  11 endoplasms
  A giant cockroach (D:2)
  6 goblins
  8 hobgoblins
  4 jackals (D:1)
  2 quokkas (D:1)
  9 ball pythons
  6 bats
  3 frilled lizards (D:1)
  2 kobolds
  6 rats
90 creatures vanquished.

Notes
Turn   | Place    | Note
-------+----------+-------------------------------------------
     0 | D:1      | wormed the Gnoll Wanderer began the quest for the Orb.
     0 | D:1      | wormed set off with the following items: a +0 dagger, a
                  | scroll of teleportation, a scroll of blinking, a +2 leather
                  | armour; and the following spell memorised: Shock; and the
                  | following spells available to memorise: Vhi's Electric
                  | Charge.
     0 | D:1      | Reached XP level 1. HP: 13/13 MP: 6/6
   188 | D:1      | Reached XP level 2. HP: 18/19 MP: 7/7
   370 | D:1      | Reached skill level 5 in Spellcasting
   370 | D:1      | Reached XP level 3. HP: 21/25 MP: 7/9
   876 | D:2      | Reached skill level 1 in Fighting
   876 | D:2      | Reached skill level 1 in Short Blades
   876 | D:2      | Reached skill level 1 in Long Blades
   876 | D:2      | Reached skill level 1 in Axes
   876 | D:2      | Reached skill level 1 in Maces & Flails
   876 | D:2      | Reached skill level 1 in Polearms
   876 | D:2      | Reached skill level 1 in Staves
   876 | D:2      | Reached skill level 1 in Ranged Weapons
   876 | D:2      | Reached skill level 1 in Throwing
   876 | D:2      | Reached skill level 1 in Stealth
   876 | D:2      | Reached skill level 1 in Shields
   876 | D:2      | Reached skill level 1 in Unarmed Combat
  1019 | D:2      | Reached XP level 4. HP: 14/32 MP: 11/11
  1155 | D:2      | Noticed Sigmund
  1164 | D:2      | Killed Sigmund
  1165 | D:2      | Reached skill level 1 in Conjurations
  1165 | D:2      | Reached skill level 1 in Hexes
  1165 | D:2      | Reached skill level 1 in Summonings
  1165 | D:2      | Reached skill level 1 in Necromancy
  1165 | D:2      | Reached skill level 1 in Translocations
  1165 | D:2      | Reached skill level 1 in Transmutations
  1165 | D:2      | Reached skill level 1 in Fire Magic
  1165 | D:2      | Reached skill level 1 in Ice Magic
  1165 | D:2      | Reached skill level 1 in Earth Magic
  1165 | D:2      | Reached skill level 1 in Poison Magic
  1165 | D:2      | Reached XP level 5. HP: 19/38 MP: 12/12
  1399 | D:2      | Reached XP level 6. HP: 44/44 MP: 13/13
  1725 | D:3      | Found Hugeer's Antique Armour Shoppe.
  1918 | D:3      | Found a shimmering blue altar of Sif Muna.
  1962 | D:3      | Found a bloodstained altar of Trog.
  1964 | D:3      | Found a hide-covered altar of Uskayaw.
  2200 | D:3      | Found a shimmering altar of Xom.
  2637 | D:4      | Reached skill level 7 in Dodging
  2637 | D:4      | Reached XP level 7. HP: 29/49 MP: 15/15
  3365 | D:3      | Found a shimmering blue altar of Sif Muna.
  3386 | D:3      | Found a bloodstained altar of Trog.
  3388 | D:3      | Found a hide-covered altar of Uskayaw.
  3412 | D:3      | Found Hugeer's Antique Armour Shoppe.
  3577 | D:3      | Found a shimmering altar of Xom.
  3696 | D:3      | Found Hugeer's Antique Armour Shoppe.
  3830 | D:3      | Found a bloodstained altar of Trog.
  3831 | D:3      | Found a hide-covered altar of Uskayaw.
  3847 | D:3      | Found a shimmering blue altar of Sif Muna.
  4039 | D:3      | Found a shimmering altar of Xom.
  4456 | D:4      | Noticed Menkaure
  4464 | D:4      | Killed Menkaure
  4837 | D:5      | Entered Level 5 of the Dungeon
  5006 | D:5      | Reached XP level 8. HP: 58/58 MP: 16/16
  5324 | D:5      | Succumbed to an orc wizard's poison

Illustrated notes

Levels and vault maps discovered:
D:1:      spicycebolla_arrival_transporter_tutorial, layout_loops_ring
D:2:      layout_loops_cross, grunt_ministairs_15, minivault_14,
          minmay_misc_feat_room, uniq_sigmund
D:3:      minmay_door_path, layout_rooms, amcnicky_altar_gilded,
          brannock_xom_greatest_gift,
          chequers_temple_overflow_statue_of_worship, serial_shops, shop
D:4:      layout_basic, uniq_menkaure
D:5:      layout_rooms

Skill      XL: |  1  2  3  4  5  6  7 |
---------------+----------------------+-----
Spellcasting   | 5 |  5.9
Fighting       | 1 2 3 |  3.1
Short Blades   | 1 2 3 |  3.1
Long Blades    | 1 2 3 |  3.1
Axes           | 1 2 3 |  3.1
Maces & Flails | 1 2 3 |  3.1
Polearms       | 1 2 3 |  3.1
Staves         | 1 2 3 |  3.1
Ranged Weapons | 1 2 3 |  3.1
Throwing       | 1 2 3 |  3.1
Stealth        | 1 2 3 |  3.1
Shields        | 1 2 3 |  3.1
Unarmed Combat | 1 2 3 |  3.1
Armour         | 3 4 |  4.1
Conjurations   | 1 2 |  2.5
Hexes          | 1 2 |  2.5
Summonings     | 1 2 |  2.5
Necromancy     | 1 2 |  2.5
Translocations | 1 2 |  2.5
Transmutations | 1 2 |  2.5
Fire Magic     | 1 2 |  2.5
Ice Magic      | 1 2 |  2.5
Air Magic      | 4 |  4.6
Earth Magic    | 1 2 |  2.5
Poison Magic   | 1 2 |  2.5
Invocations    | 3 4 |  4.3
Evocations     | 3 4 |  4.1
Dodging        | 7 |  7.3

Action                     |  1- 3 |  4- 6 |  7- 9 || total
---------------------------+-------+-------+-------++-------
  Melee: Dagger            |   219 |    48 |    58 ||   325
         Bite              |    25 |    15 |    13 ||    53
         Punch             |     2 |     1 |       ||     3
         Lajatang          |       |    39 |    84 ||   123
         Staff             |       |    37 |       ||    37
  Evoke: Wand              |       |     3 |       ||     3
    Use: Scroll            |       |     8 |     6 ||    14
         Potion            |       |     1 |     3 ||     4
   Stab: Sleeping          |     1 |     2 |     2 ||     5
 Armour: Leather armour    |    70 |    48 |    44 ||   162
  Dodge: Dodged            |   174 |    99 |   111 ||   384

Table legend: (Time is in decaauts)
 A = Elapsed time spent in this place.
 B = Non-inter-level travel time spent in this place.
 C = Inter-level travel time spent in this place.
 D = Time resting spent in this place.
 E = Time spent auto-exploring this place.
 F = Levels seen in this place.
 G = Mean time per level.
                   A        B        C        D        E       F      G
               +--------+--------+--------+--------+--------+-----+--------+
         Total |   5346 |   5075 |    271 |     33 |   4006 |   5 | 1069.2 |
       Dungeon |   5346 |   5075 |    271 |     33 |   4006 |   5 | 1069.2 |
               +--------+--------+--------+--------+--------+-----+--------+

Top non-repeatable levels by time:
     D:3: 1813 daAuts
     D:4: 1357 daAuts
     D:2: 926 daAuts
     D:1: 770 daAuts
     D:5: 477 daAuts
